 Dungeon Crawl Stone Soup version 0.30.0-15-g856e2d3f33 (webtiles) character file.

Game seed: 2687867627502557234

8 qw the Shield-Bearer (level 2, -1/19 HPs)
             Began as a Gargoyle Fighter on May 21, 2023.
             Slain by a goblin
             ... wielding a +0 club
              (3 damage)
             ... on level 1 of the Dungeon.
             The game lasted 00:00:06 (102 turns).

qw the Shield-Bearer (Gargoyle Fighter)              Turns: 102, Time: 00:00:07

Health: -1/19      AC:  9    Str: 19    XL:     2   Next: 8%
Magic:  2/2        EV:  9    Int:  8    God:
Gold:   16         SH:  4    Dex:  9    Spells: 1/1 levels left

rFire   . . .        a - +0 war axe
rCold   . . .        c - +0 buckler
rNeg    + . .        b - +0 scale mail
rPois   inf          (no helmet)
rElec   +            (no cloak)
rCorr   .            (no gloves)
SInv    .            (no boots)
Will    .....        (no amulet) Stlth
                     (no ring)
HPRegen 0.23/turn    (no ring)
MPRegen 0.08/turn

%: no passive effects
@: no status effects
A: sickness immunity, AC +2, negative energy resistance 1, electricity
resistance, torment resistance 1, petrification resistance
a: no special abilities


You were on level 1 of the Dungeon.
You visited 1 branch of the dungeon, and saw 1 of its levels.

You collected 16 gold pieces.


Innate Abilities, Weirdness & Mutations

You are immune to sickness and miasma.
Your stone body is resilient. (AC +2)
You are immune to poison.
You resist negative energy. (rN+)
You are resistant to electric shocks. (rElec)
You are resistant to unholy torment.
You are immune to petrification.


   Skills:
 - Level 3.2 Fighting
 + Level 2.5 Axes
 - Level 3.2 Armour
 - Level 3.2 Shields


You had one spell level left.
You didn't know any spells.
Your spell library was empty.

Inventory:

Hand Weapons
 a - a +0 war axe (weapon)
 f - a +0 club
Armour
 b - a +0 scale mail (worn)
 c - a +0 buckler (worn)
Scrolls
 e - a scroll of vulnerability {unknown}
 g - 2 scrolls of enchant weapon {unknown}
Potions
 d - a potion of might

Dungeon Overview and Level Annotations

Branches:
Dungeon (1/15)

Altars:


Message History

You slash the endoplasm!
You kill the endoplasm!
You start resting.
A quokka comes into view.
A goblin comes into view. It is wielding a +0 club.
The goblin shouts!
You barely miss the quokka. The quokka bites you. x2
You hit the quokka.
The quokka is moderately wounded.
You block the quokka's attack.
You miss the quokka.
The quokka is moderately wounded.
You hit the goblin. You block the quokka's attack.
The goblin hits you but does no damage. The quokka closely misses you.
You closely miss the goblin.
The goblin is moderately wounded.
You closely miss the quokka. The goblin hits you with a +0 club.
The quokka barely misses you. The goblin completely misses you.
The quokka bites you.
You hit the goblin but do no damage.
The goblin is moderately wounded.
You hit the quokka. The quokka bites you. You block the goblin's attack.
You closely miss the quokka.
The quokka is almost dead.
You completely miss the goblin. The quokka bites you.
The goblin barely misses you. The quokka bites you.
The goblin hits you but does no damage.
You barely miss the quokka.
The quokka is almost dead.
You closely miss the goblin. The quokka bites you.
The goblin hits you but does no damage. The quokka barely misses you.
You slash the quokka!
You kill the quokka!
You barely miss the goblin. The goblin hits you with a +0 club.
You die...

#.# ............. #.#
..........#..# ##'##
.>......... .# +...'
..........#..# #.<.#
.......?..#..# +...'
.............# ##'##
........g.#..# #%#
#.....@..#..########.##
####.#.................
#. ##.#....##........ #
#.###...#........
#..##...)........
##......%........
###....%........
#######........#..#.
....................


You could see a goblin.

Vanquished Creatures
  An endoplasm (D:1)
  2 goblins (D:1)
  A hobgoblin (D:1)
  A kobold (D:1)
  2 quokkas (D:1)
7 creatures vanquished.

Notes
Turn   | Place    | Note
-------+----------+-------------------------------------------
     0 | D:1      | qw the Gargoyle Fighter began the quest for the Orb.
     0 | D:1      | Reached XP level 1. HP: 14/14 MP: 1/1
     0 | D:1      | 0 ||| qw: Version: 0.2-a-98-g16b38d9
     0 | D:1      | 0 ||| qw: Game counter: 3
     0 | D:1      | 0 ||| qw: Always use a shield: true
     0 | D:1      | 0 ||| qw: God list: Okawaru
     0 | D:1      | 0 ||| qw: Allow faded altars: false
     0 | D:1      | 0 ||| qw: Do Orc after D:15 true
     0 | D:1      | 0 ||| qw: Do second Lair branch before Depths: true
     0 | D:1      | 0 ||| qw: Lair rune preference: random
     0 | D:1      | 0 ||| qw: Plans: Normal, Zot:1-4, God:TSO, Crypt, Tomb,
                  | Pan, Slime:5, Hells, Abyss, Win
     0 | D:1      | 0 ||| PLANNING D:1-11
    54 | D:1      | Reached XP level 2. HP: 19/19 MP: 2/2
   100 | D:1      | HP: 4/19 [quokka (4)]
   102 | D:1      | Slain by a goblin

Levels and vault maps discovered:
D:1:      dpeg_arrival_radiant, layout_rooms

Skill      XL: |  1 |
---------------+----+-----
Axes           | 2 |  2.5
Fighting       | |  3.2
Armour         | |  3.2
Shields        | |  3.2

Action                     || total
---------------------------++-------
  Melee: War axe           ||    22
 Armour: Scale mail        ||    12
  Dodge: Dodged            ||    15
  Block: Buckler           ||     9

Table legend:
 A = Non-vault XP
 B = Vault XP
 C = Vault XP percentage of total XP
 D = Non-vault monster count
 E = Vault monster count
 F = Vault count percentage of total count
                 A         B        C        D         E       F
            +---------+---------+-------+---------+---------+-------
      Total |      14 |       0 |   0.0 |       7 |       0 |   0.0
            +---------+---------+-------+---------+---------+-------
        D:1 |      14 |       0 |   0.0 |       7 |       0 |   0.0
            +---------+---------+-------+---------+---------+-------
